AoeStats
← _LY_抖音肥龙

Arabia

504486827Analyzed
1v1 RM · 26d ago on Sep 5, 2026· 30m 48s· 2 players
Game mode
Random Map
Map size
Tiny (2 player)
Population
200
Speed
Normal
Resources
Standard
Victory
Conquest
Starting age
Dark Age
Ending age
Imperial Age
RankedLock teamsTeams togetherTeam positionsShared explorationLock speedFull tech treeHidden civsTurbo modeCheats
Victory
Defeat
🇭🇰 Georgians · Hong Kong SAR China
2812
+14
🇫🇷 Turks · France
2763
-14
DS_Ciskhan
6:43 Loom
10:19 Feudal Age
10:49 Double-Bit Axe
10:45 Horse Collar
23:46 Castle Age
21:53 Gold Mining
22:23 Fletching
23:55 Crossbowman
24:36 Bodkin Arrow
_LY_抖音肥龙
8:21 Feudal Age
8:44 Loom
9:18 Double-Bit Axe
10:02 Horse Collar
21:44 Castle Age
20:29 Forging
21:40 Bloodlines
21:34 Fletching
22:55 Bow Saw
23:43 Wheelbarrow
23:03 Light Cavalry
Connection lost

Rejoining the realm…

Still unreachable

The connection could not be restored.

Session expired

The server has moved on; the page needs a fresh start.